 Dungeon Crawl Stone Soup version 0.30.0-29-ga12c61a403 (webtiles) character file.

Game seed: 14128676996701695219

42 LustLizard the Ruffian (level 3, -7/28 HPs)
             Began as a Demigod Transmuter on June 24, 2023.
             Mangled by a gnoll
             ... wielding a +0 halberd
              (16 damage)
             ... on level 2 of the Dungeon.
             The game lasted 00:01:55 (775 turns).

LustLizard the Ruffian (Demigod Transmuter)          Turns: 775, Time: 00:01:55

Health: -7/28      AC:  2    Str: 15    XL:     3   Next: 19%
Magic:  7/8        EV: 12    Int: 15    God:
Gold:   76         SH:  0    Dex: 14    Spells: 4/5 levels left

rFire   . .          .
                       - Unarmed
rCold   . . .        (no shield)
rNeg    . . .        a - +0 robe
rPois   .            f - melded +0 helmet
rElec   .            (no cloak)
rCorr   .            (no gloves)
SInv    .            (boots currently unavailable)
Will    .....        (no amulet)
Stlth   +            (no ring)
HPRegen 0.24/turn    (no ring)
MPRegen 0.11/turn

%: no passive effects
@: appendages
A: horns 2, talons 2, high MP 1, forlorn, divine attributes
a: End Transformation


You were on level 2 of the Dungeon.
You had temporarily grown beastly horns and talons.
You visited 1 branch of the dungeon, and saw 2 of its levels.

You collected 96 gold pieces.
You spent 20 gold pieces at shops.

Inventory:

Armour
 a - a +0 robe (worn)
 f - a +0 helmet (melded)
 j - the +0 buckler "Hoebeolo" {Rampage rElec Str+3 Int-4}
   (You found it on level 2 of the Dungeon)

   Str:       It affects your strength (+3).
   Int:       It affects your intelligence (-4).
   rElec:     It insulates you from electricity.
   Rampage:   It bestows one free step when moving towards enemies.
Scrolls
 c - a scroll of brand weapon {unknown}
 d - a scroll of fear {unknown}
 e - 2 scrolls of enchant weapon {unknown}
 h - a scroll of amnesia {unknown}
 i - a scroll of identify
Potions
 b - a potion of lignification
 g - a potion of curing


   Skills:
 + Level 1.6 Fighting
 - Level 1.7 Dodging
 * Level 3.4 Unarmed Combat
 - Level 1.7 Spellcasting
 + Level 2.2 Transmutations


You had 4 spell levels left.
You knew the following spells:

 Your Spells              Type           Power      Damage    Failure   Level
a - Beastly Appendage     Tmut           16%        N/A       9%          1

Your spell library contained the following spells:

 Spells                   Type           Power      Damage    Failure   Level
 Wereblood                Tmut           8%         N/A       14%         2
 Spider Form              Tmut/Pois      4%         N/A       38%         3
 Ice Form                 Ice/Tmut       4%         N/A       80%         4


Dungeon Overview and Level Annotations

Branches:
Dungeon (2/15)

Shops:
D:1 ?[(?[


Innate Abilities, Weirdness & Mutations

You have temporarily grown beastly horns and talons.
You have an increased reservoir of magic. (+10% MP)
You shall have no god before yourself.
Your divine heritage dramatically boosts your attributes as you level up.


Message History

You hit the gnoll.
The gnoll is lightly wounded.
The gnoll closely misses you.
You hit the gnoll. You headbutt the gnoll.
The gnoll is heavily wounded.
The gnoll misses you.
You closely miss the gnoll. Your headbutt misses the gnoll.
The gnoll is heavily wounded.
The gnoll hits you with a +0 whip!
You hit the gnoll. You headbutt the gnoll.
You kill the gnoll!
The gnoll hits you from afar with a +0 halberd.
You have reached level 3!
Your experience leads to a dramatic increase in your attributes!
Increase (S)trength, (I)ntelligence, or (D)exterity?
You feel stronger. x4
Your transformation is almost over.
Your horns disappear.
Your talons disappear.
Your +0 helmet unmelds from your body.
Casting: Beastly Appendage (safe; 9% risk of failure)
Confirm with . or Enter, or press ? or * to list all spells.
You grow a pair of large bovine horns.
Your feet morph into talons.
Your +0 helmet melds into your body.
The gnoll barely misses you. The gnoll closely misses you.
You hit the gnoll but do no damage. You claw the gnoll, but do no damage.
The gnoll misses you.
You completely miss the gnoll. Your kick misses the gnoll.
The gnoll hits you with a +0 halberd!
You hit the gnoll.
The gnoll is moderately wounded.
The gnoll hits you with a +0 halberd!
* * * LOW HITPOINT WARNING * * *
You hit the gnoll.
The gnoll is heavily wounded.
The gnoll barely misses you.
You hit the gnoll.
The gnoll is heavily wounded.
The gnoll hits you with a +0 halberd!
Ouch! That really hurt!
You die...

#.##.....#
#......#.###
#...†...#
#..<..#.#
#######.# #####
#...#...# #..)#
#.#.#.### ###...#
#g#g#.# ......#
#.#.#@#
......######g#g#g#
...)....g...>#.#g#
...#########.#...#
.. #.##### . #.#
#.# #.# #.#


You could see 2 gnolls.

Vanquished Creatures
  A gnoll (D:2)
  A dart slug (D:1)
  3 ball pythons (D:1)
  3 endoplasms
  2 giant cockroaches (D:1)
  A goblin (D:1)
  3 hobgoblins (D:1)
  3 jackals (D:1)
  2 quokkas (D:1)
  2 bats
  A frilled lizard (D:1)
  3 kobolds (D:1)
  2 rats (D:1)
27 creatures vanquished.

Notes
Turn   | Place    | Note
-------+----------+-------------------------------------------
     0 | D:1      | LustLizard the Demigod Transmuter began the quest for the
                  | Orb.
     0 | D:1      | Reached XP level 1. HP: 15/15 MP: 5/5
    29 | D:1      | Reached skill level 1 in Fighting
    35 | D:1      | Reached skill level 3 in Unarmed Combat
    77 | D:1      | Reached XP level 2. HP: 22/23 MP: 5/7
   175 | D:1      | Found Zaokhl Suyx's Antique Weapon Shoppe.
   229 | D:1      | Found Oddess's Magic Scroll Boutique.
   231 | D:1      | Found Tioshreo's Magic Scroll Emporium.
   237 | D:1      | Bought a scroll of identify for 20 gold pieces
   327 | D:1      | Found Deise's Armour Shoppe.
   540 | D:1      | Found Watatosch's Armour Shop.
   695 | D:2      | Identified the +0 buckler "Hoebeolo" {Rampage rElec Str+3
                  | Int-4}
   747 | D:2      | Reached XP level 3. HP: 18/28 MP: 6/8
   775 | D:2      | Mangled by a gnoll

Illustrated notes

Levels and vault maps discovered:
D:1:      onia_arrival_pyramid, layout_basic, serial_shops, shop,
          nicolae_shop_real_fake_doors, nicolae_shop_crystal,
          nicolae_shop_waterfront, shop
D:2:      kennysheep_big_flooded_room, layout_basic,
          hellmonk_ecumenical_altar_heavens_door, st_stairs_6

Skill      XL: |  1 |
---------------+----+-----
Fighting       | 1 |  1.6
Unarmed Combat | 3 |  3.4
Transmutations | 2 |  2.2
Dodging        | |  1.7
Spellcasting   | |  1.7

Action                     || total
---------------------------++-------
  Melee: Unarmed           ||    68
         Kick              ||    18
         Headbutt          ||    11
         Punch             ||     3
   Cast: Beastly Appendage ||    19
    Use: Scroll            ||     1
 Armour: Robe              ||    13
  Dodge: Dodged            ||    36
